 Dungeon Crawl Stone Soup version 0.31-a0-1616-gbeaec30b81 (webtiles) character file.

Game seed: 15862012384781760472

254413 croobank the Thanatomancer (level 19, -19/102 HPs)
             Began as a Felid Summoner on Jan 9, 2024.
             Was a Priest of Jiyva.
             Shot with a bolt by a yaktaur (24 damage)
             ... led by a vault warden
             ... on level 1 of the Vaults on Jan 11, 2024.
             The game lasted 05:36:35 (40178 turns).

croobank the Thanatomancer (Felid Summoner)        Turns: 40178, Time: 05:36:36

Health: -19/102    AC:  3    Str:  4    XL:     19   Next: 40%
Magic:  23/39      EV: 28    Int: 28    God:    Jiyva [***...]
Gold:   634        SH:  0    Dex: 26    Spells: 4/48 levels left
                                        Lives:  0   Deaths: 5

rFire   . . .        (weapon unavailable)
rCold   + . .        (shield unavailable)
rNeg    + . .        (body armour unavailable)
rPois   .            (helmet unavailable)
rElec   .            (cloak unavailable)
rCorr   +            (gloves unavailable)
SInv    +            (boots unavailable)
Will    ++...        a - amulet of magic regeneration
Stlth   +++++        c - +6 ring of intelligence
HPRegen 1.49/turn    n - ring of positive energy
MPRegen 1.22/turn

%: no passive effects
@: beast-form, hasted, very quick
A: beast (slay +1), very small, claws 1, fangs 3, see invisible, shaggy fur 3,
stealthy paws, no weapons or thrown items, no armour, multi-lived, horns 2,
agile 2
}: 1/15 runes: gossamer
a: Begin Untransformation, Renounce Religion, Oozemancy


You were on level 1 of the Vaults.
You worshipped Jiyva.
Jiyva was most pleased with you.
You were a hulking beast.
You visited 7 branches of the dungeon, and saw 36 of its levels.
You visited 1 bazaar.
You also visited: Volcano.

You collected 3158 gold pieces.
You spent 2524 gold pieces at shops.

Inventory:

Jewellery
 a - an amulet of magic regeneration (around neck)
 b - the amulet of the Empty Page {Acrobat rPois rF+ rN+ Str-3 SInv}
   (You acquired it on level 10 of the Dungeon)

   [amulet of the acrobat]

   Acrobat:   It increases your evasion while moving and waiting.
   Str-3:     It affects your strength (-3).
   rF+:       It protects you from fire.
   rPois:     It protects you from poison rN+: It protects you from negative
   energy.
   SInv:      It lets you see invisible.
 c - a +6 ring of intelligence (left paw)
 d - a +6 ring of intelligence
 e - a ring of protection from cold
 f - a ring of protection from cold
 g - a ring of flight
 i - a +4 ring of slaying
 j - a +5 ring of evasion
 n - a ring of positive energy (right paw)
 y - the ring of Viedyawk {rElec Will+ rCorr Str-4 Dex+3}
   (You acquired it on level 5 of the Lair of Beasts)

   [ring of willpower]

   Str-4:     It affects your strength (-4).
   Dex+3:     It affects your dexterity (+3).
   rElec:     It insulates you from electricity.
   Will+:     It increases your willpower.
   rCorr:     It protects you from acid and corrosion.
 C - a ring of ice
 G - a ring of protection from fire
 I - a +6 ring of dexterity
 P - a ring of resist corrosion
 U - a +6 ring of strength
 V - a ring of willpower
Talismans
 k - a beast talisman (active)
Wands
 w - a wand of polymorph (8)
 x - a wand of mindburst (18)
 z - a wand of flame (19)
 E - a wand of charming (28)
 L - a wand of roots (20)
 Q - a wand of quicksilver (6)
 S - a wand of digging (3)
Scrolls
 o - a scroll of revelation
 p - 2 scrolls of vulnerability
 v - 4 scrolls of fog
 A - a scroll of amnesia
 D - 5 scrolls of immolation
 J - 5 scrolls of poison
 K - 6 scrolls of identify
 N - a scroll of acquirement
 O - a scroll of torment
 W - 5 scrolls of teleportation
Potions
 h - 4 potions of haste
 l - 7 potions of lignification
 m - 2 potions of magic
 q - a potion of brilliance
 r - 8 potions of curing
 s - 4 potions of ambrosia
 t - 4 potions of berserk rage
 u - 3 potions of mutation
 B - 5 potions of attraction
 F - 6 potions of enlightenment
 H - 4 potions of might
 M - 3 potions of resistance
 R - 2 potions of cancellation
Miscellaneous
 X - a phantom mirror


   Skills:
 - Level 12.3 Fighting
 - Level 10.1 Dodging
 - Level 11.0 Stealth
 * Level 15.0 Spellcasting
 - Level 5.0 Hexes
 - Level 12.0 Summonings
 + Level 23.5 Necromancy
 - Level 3.0 Translocations
 - Level 5.0 Fire Magic
 - Level 7.0 Air Magic
 - Level 2.3 Shapeshifting


You had 4 spell levels left.
You knew the following spells:

 Your Spells              Type           Power      Damage    Failure   Level
b - Call Imp              Summ           100%       N/A       1%          2
c - Call Canine Familiar  Summ           73%        N/A       1%          3
d - Summon Blazeheart Go  Fire/Summ      62%        N/A       1%          4
e - Summon Lightning Spi  Summ/Air       65%        N/A       1%          4
A - Animate Dead          Necr           100%       N/A       0%          4
B - Blink                 Tloc           74%        N/A       1%          2
D - Death Channel         Necr           50%        N/A       1%          6
H - Haunt                 Necr/Summ      44%        N/A       1%          7
I - Infestation           Necr           50%        N/A       1%          8
N - Anguish               Hex/Necr       39%        N/A       1%          4

Your spell library contained the following spells:

 Spells                   Type           Power      Damage    Failure   Level
 Necrotise                Necr           100%       1d9       0%          1
 Sublimation of Blood     Necr           100%       N/A       0%          2
 Vampiric Draining        Necr           100%       2d13      0%          3
 Martyr's Knell           Necr/Summ      88%        N/A       0%          4
 Apportation              Tloc           74%        N/A       1%          1
 Foxfire                  Conj/Fire      100%       2x1d9     1%          1
 Kiss of Death            Conj/Necr      100%       2d13      1%          1
 Summon Small Mammal      Summ           100%       N/A       1%          1
 Cigotuvi's Dreadful Rot  Necr/Alch/Air  100%       N/A       1%          2
 Jinxbite                 Hex            98%        N/A       1%          2
 Lesser Beckoning         Tloc           74%        N/A       1%          2
 Mercury Vapours          Alch/Air       80%        N/A       1%          2
 Momentum Strike          Conj/Tloc      58%        3d9       1%          2
 Gell's Gravitas          Tloc           37%        N/A       1%          3
 Teleport Other           Tloc           37%        N/A       1%          3
 Freeze                   Ice            84%        1d9       2%          1
 Magic Dart               Conj           84%        1d7       2%          1
 Dazzling Flash           Conj/Hex       70%        N/A       2%          3
 Mephitic Cloud           Conj/Alch/Air  34%        N/A       2%          3
 Frozen Ramparts          Ice            42%        1d7       7%          3
 Hailstorm                Conj/Ice       21%        3d7       7%          3
 Manifold Assault         Tloc           37%        N/A       7%          4
 Ignite Poison            Fire/Alch      35%        N/A       9%          4
 Sticky Flame             Fire/Alch      35%        2d7       9%          4
 Leda's Liquefaction      Alch/Erth      10%        N/A       24%         4
 Petrify                  Alch/Erth      21%        N/A       24%         4
 Curse of Agony           Necr           100%       N/A       0%          5
 Borgnjor's Vile Clutch   Necr/Erth      36%        N/A       1%          5
 Borgnjor's Revivificati  Necr           50%        N/A       1%          8
 Silence                  Hex/Air        26%        N/A       5%          5
 Death's Door             Necr           50%        N/A       16%         9
 Metabolic Englaciation   Hex/Ice        17%        N/A       24%         5
 Freezing Cloud           Conj/Ice/Air   17%        6-21      26%         5
 Plasma Beam              Fire/Air       26%        2x1d39    30%         6
 Alistair's Intoxication  Alch           14%        N/A       54%         5
 Dispersal                Tloc           18%        N/A       71%         6
 Starburst                Conj/Fire      17%        6d6       78%         6
 Disjunction              Tloc           18%        N/A       100%        8
 Ignition                 Fire           24%        3d8       100%        8


Dungeon Overview and Level Annotations

Branches:
Dungeon (15/15)            Temple (0/1) D:4            Lair (5/5) D:9
 Shoals (4/4) Lair:2       Spider (4/4) Lair:3        Slime (5/5) Lair:4
    Orc (2/2) D:11            Elf (0/3) Orc:2        Vaults (1/5) D:13
 Depths (0/4) D:15        Volcano (visited)

Altars:
Cheibriados
Gozag
Hepliaklqana
Kikubaaqudgha
Nemelex Xobeh
Okawaru
Qazlal
Ru
Trog
Vehumet
Wu Jian
Xom
Yredelemnul
Zin
Jiyva

Shops:
D:3 [*:(*   Orc:2 [*(!   Shoals:1 :

Portals:
Trove: D:10 (show abyssal rune of Zot)

Annotations:
D:7 2 transporters, 1 runed translucent door, exclusions: downstairs and oklob plant, Azoth's ghost, novice DrFi; Crazy Yiuf
D:8 Joseph
D:10 exclusion: downstairs
D:11 osoart's ghost, journeyman MiGl
Lair:1 Nergalle
Slime:5 Royal Jelly


Innate Abilities, Weirdness & Mutations

You are a hulking beast.
Your limbs bulge with bestial killing power. (Slay +1)
You have sharp claws.
You have razor-sharp teeth.
You have supernaturally acute eyesight. (SInv)
Your thick and shaggy fur keeps you warm. (AC +3, rC+)
Your paws help you pounce on unaware monsters.
You are incapable of wielding weapons or throwing items.
You cannot wear armour.
You gain extra lives every three experience levels.
You have a pair of horns on your head.
You are very agile. (Dex +8, Str/Int -2)


Message History

Press: ? - help, Dir - move target, f - crystal guardian
Aim: a crystal guardian (ally target)
Okay, then.
You feel yourself speed up.
The arcanist gestures at you while chanting.
The bolt of cold hits you! You resist.
* * * LOW HITPOINT WARNING * * *
The yaktaur shoots a bolt.
The bolt hits you!
* * * LOW HITPOINT WARNING * * *
The crystal guardian barely misses you.
Your blazeheart golem punches the crystal guardian but does no damage.
The arcanist hits your blazeheart golem but does no damage.
You hear a distant slurping noise.
You hear a squelching noise.
Your lightning spire shoots out a bolt of lightning at the crystal guardian!
The bolt of electricity hits the arcanist!
The bolt of electricity hits the crystal guardian.
The crystal guardian completely resists.
The crystal guardian hits your blazeheart golem!
Casting: Summon Blazeheart Golem (mildly dangerous; 1% risk of failure)
Confirm with . or Enter, or press ? or * to list all spells.
Aiming: Haunt (dangerous; 1% risk of failure)
Press: ? - help, Dir - move target, f - yaktaur
Aim: a yaktaur, wielding a +0 arbalest Insubstantial figures form in the air.
The arcanist hits your blazeheart golem but does no damage.
The deep troll bites your blazeheart golem but does no damage.
The deep troll claws your blazeheart golem!
The deep troll claws your blazeheart golem.
The crystal guardian hits your blazeheart golem but does no damage.
Your blazeheart golem punches the deep troll.
Your blazeheart golem falls apart, revealing its core!
You hear a distant slurping noise.
Your blazeheart core explodes!
The fiery explosion engulfs the deep troll!!
The fiery explosion engulfs the arcanist!!
You kill the arcanist!
The fiery explosion engulfs the crystal guardian.
The crystal guardian completely resists.
Kikubaaqudha cackles.
The yaktaur shoots a bolt.
The bolt hits you!!
You die...

#.. #.. ##'#####
#.[.WW.# #8p[...#
#TZ9c..# #☼☼☼...#
#☼☼☼W.W######
#h.....+....#
#......#....## ##.
#......'.....###..
########..........
##............
#.............
#.......$.....
#.............
##..........).


You could see a crystal guardian (ally target), a deep troll (strong), an
ironbound convoker (anguished), a yaktaur (ally target), a spectral arcanist, a
friendly lightning spire (summoned), a friendly shadow wraith (summoned,
invisible) and 3 friendly wraiths.

Vanquished Creatures
  8 acid blobs
  4 rockslimes
  2 emperor scorpions
  An azure jelly (Slime:3)
  3 ghost moths (Spider:4)
  3 broodmothers
  A stone giant (D:15)
  7 quicksilver oozes
  2 spark wasps (Spider:4)
  2 jorogumos (Spider:4)
  4 radroaches
  An ironbound frostheart (Vaults:1)
  2 two-headed ogres
  2 centaur warriors
  2 boulder beetles
  Amaemon (Lair:1)
  7 skeletal warriors
  An orb spider (Spider:1)
  An arcanist (Vaults:1)
  A lindwurm (Lair:5)
  A harpy (Lair:2)
  A faun (Shoals:2)
  An ugly thing (D:15)
  A cyclops (D:12)
  A steelbarb worm (Spider:4)
  3 wolf spiders
  A moth of wrath (Spider:3)
  An elephant (Lair:3)
  A gargoyle (D:12)
  An orange demon (Lair:1)
  Jeremiah (D:8)
  3 torpor snails (Lair:5)
  A kobold demonologist (D:12)
  An unseen horror (D:12)
  A freezing wraith (D:8)
  2 cane toads
  2 merfolk (Shoals:2)
  A polar bear (Lair:3)
  A troll (D:11)
  A tarantella (Spider:1)
  2 blink frogs
  3 jumping spiders
  3 culicivoras
  12 slime creatures
  4 yaks (Lair:4)
  A slime creature zombie (D:14)
  A basilisk (Lair:1)
  A yak (shapeshifter) (D:8)
  A water elemental (Shoals:2)
  2 redbacks
  A water moccasin (D:9)
  Duvessa (D:7)
  A nameless horror (D:5)
  A hornet zombie (Lair:5)
  2 orc warriors (Orc:2)
  A laughing skull (D:15)
  A boggart (Lair:2)
  2 centaurs
  3 wolves
  A kobold brigand (D:8)
  A bullfrog (Lair:4)
  5 killer bees
  4 electric eels (D:13)
  3 orc priests
  2 jellies (Lair:4)
  Ijyb (D:5)
  An iguana (Lair:5)
  An orc wizard (D:5)
  A gnoll (D:7)
  A ribbon worm (D:3)
  2 dart slugs
  10 orcs
  A bat (D:1)
  An endoplasm (D:4)
  A giant cockroach (D:2)
  A hobgoblin (D:2)
  A jackal (D:2)
  A quokka (D:1)
  A ball python zombie (D:5)
  A frilled lizard (D:3)
  3 kobolds
  A quokka zombie (D:5)
  2 rats
171 creatures vanquished.

Vanquished Creatures (collateral kills)
  Boris (Vaults:1)
  Jorgrun (Orc:2)
  19 acid blobs
  The ghost of Mungiw the Peltast, an adept MiBe of Trog (Shoals:2)
  Frances (Spider:1)
  Kirke (D:15)
  Ilsuiw (Shoals:3)
  12 rockslimes
  7 azure jellies
  An emperor scorpion (Spider:4)
  10 ghost moths
  3 vault wardens (Vaults:1)
  An ironbound preserver (Vaults:1)
  A broodmother (Spider:4)
  2 ironbound thunderhulks (Vaults:1)
  11 quicksilver oozes
  6 formless jellyfish
  2 dire elephants (Vaults:1)
  5 spark wasps (Spider:4)
  2 merfolk impalers
  2 yaktaur captains (Vaults:1)
  5 entropy weavers
  3 great orbs of eyes
  2 ogre magi (Orc:2)
  A peacekeeper (Vaults:1)
  4 radroaches (Spider:4)
  A catoblepas (Lair:3)
  A centaur warrior (D:15)
  An ironbound frostheart (Vaults:1)
  3 jorogumos
  A merfolk avatar (Shoals:4)
  11 two-headed ogres
  A death scarab (Spider:3)
  6 boulder beetles
  A death yak (Lair:1)
  11 demonic crawlers
  A satyr (Shoals:4)
  Sonja (Lair:5)
  7 pharaoh ants
  A skyshark (Shoals:2)
  8 sea snakes
  2 deep trolls (Vaults:1)
  3 skeletal warriors
  5 orb spiders
  10 steelbarb worms
  A lindwurm (Vaults:1)
  7 harpies
  3 ironbound convokers (Vaults:1)
  2 deep elf pyromancers
  15 wolf spiders
  An orc knight (Orc:2)
  4 ugly things
  5 shining eyes
  5 cyclopes
  12 fauns
  6 manticores
  8 merfolk sirens
  5 elephants (Lair:3)
  9 meliai
  2 black mambas (Lair:4)
  4 water nymphs
  A kobold blastminer (Orc:1)
  18 torpor snails
  6 eyes of devastation
  7 cane toads
  3 vault sentinels (Vaults:1)
  Maggie (D:6)
  4 rime drakes
  2 komodo dragons (Lair:5)
  An efreet (D:13)
  The ghost of Phlounder the Magician, a novice DjIE (D:5)
  A tengu conjurer (D:8)
  2 yaktaurs
  2 polar bears
  2 trolls
  A harpy zombie (Shoals:3)
  25 merfolk
  5 wind drakes
  13 blink frogs
  A tyrant leech (Lair:5)
  4 snapping turtles
  6 glass eyes
  5 hornets (Lair:5)
  11 tarantellas
  11 dream sheep
  4 merfolk zombies
  74 slime creatures
  8 jumping spiders
  17 culicivoras
  4 shadows
  4 wraiths
  3 wyverns
  A nameless horror (D:6)
  6 yaks
  3 hogs (D:15)
  4 steam dragons
  9 water elementals
  A human (shapeshifter) (D:11)
  6 basilisks
  5 golden eyes (Slime:1)
  38 redbacks
  2 wargs (Orc:2)
  2 faun zombies
  2 acid dragons
  6 water moccasins
  2 swamp drakes (Lair:5)
  A sky beast (D:8)
  4 black bears
  A manticore zombie (Shoals:2)
  10 orc warriors
  2 boggarts (Lair:2)
  2 laughing skulls (D:14)
  4 wolves (Lair:4)
  6 centaurs
  15 ogres
  Blork the orc (D:4)
  2 bullfrogs
  3 scorpions
  7 wights (D:8)
  5 killer bees
  Dowan (D:7)
  9 howler monkeys
  A lava snake (D:14)
  14 orc priests
  2 jellies
  2 gnoll boudas
  6 hounds
  8 iguanas
  14 orc wizards
  6 hell rats (Lair:4)
  2 adders
  11 gnolls
  A river rat (D:5)
  A shadow imp (D:7)
  A white imp (D:7)
  2 orc zombies
  A dart slug (D:4)
  51 orcs
  7 endoplasms
  7 giant cockroaches
  4 goblins
  4 hobgoblins
  5 jackals
  10 kobolds
  6 quokkas
  9 ball pythons
  3 bats
  6 frilled lizards
  6 rats
866 creatures vanquished.

Vanquished Creatures (others)
  9 acid blobs
  3 azure jellies
  9 emperor scorpions
  3 rockslimes
  3 ghost moths (Spider:4)
  A vault warden (Vaults:1)
  5 broodmothers
  3 ironbound preservers
  4 quicksilver oozes
  4 rockslime zombies (Slime:5)
  Nessos (Orc:2)
  A dire elephant (Vaults:1)
  5 spark wasps
  8 acid blob zombies
  2 merfolk javelineers
  2 merfolk impalers
  2 fire dragons (Lair:5)
  A yaktaur captain (Vaults:1)
  3 jorogumos
  3 great orbs of eyes
  3 hydras
  2 ogre magi (Orc:2)
  2 catoblepae
  An alligator snapping turtle (Shoals:2)
  2 radroaches (Spider:4)
  A boulder beetle (D:15)
  An azure jelly zombie (Slime:3)
  4 two-headed ogres (Orc:2)
  2 centaur warriors
  5 tengu warriors
  A satyr (Shoals:3)
  3 merfolk aquamancers
  2 demonic crawlers
  4 quicksilver ooze zombies
  2 emperor scorpion zombies (Spider:4)
  2 skysharks
  A fire crab (Lair:4)
  A pharaoh ant (Spider:4)
  3 deep trolls (Vaults:1)
  4 spark wasp zombies (Spider:4)
  A swamp dragon (Lair:5)
  3 sun moths
  4 ghost moth zombies
  5 wolf spider zombies
  2 orb spiders
  A steelbarb worm (Spider:4)
  3 broodmother zombies (Spider:4)
  An ironbound convoker (Vaults:1)
  2 lindwurms
  A deep elf pyromancer (D:13)
  A harpy (Shoals:1)
  An orc knight (D:14)
  4 jorogumo zombies
  2 human zombies
  8 ugly thing zombies
  7 ugly things
  3 wolf spiders
  5 fauns (Shoals:1)
  2 cyclopes
  A manticore (D:15)
  A salamander (Vaults:1)
  Maurice (Orc:2)
  An elephant (Lair:3)
  A dire elephant zombie (Vaults:1)
  2 meliai
  3 merfolk sirens
  A formless jellyfish zombie (Slime:5)
  A moth of wrath (Spider:1)
  A kobold blastminer (Orc:1)
  A black mamba (Lair:5)
  A cane toad (Lair:2)
  3 torpor snails
  A rime drake (Lair:5)
  A steelbarb worm zombie (Spider:4)
  A yaktaur zombie (Vaults:1)
  2 orb spider zombies (Spider:1)
  A yaktaur (Vaults:1)
  2 freezing wraiths
  A komodo dragon (D:12)
  2 tengu conjurers (D:15)
  8 redback zombies
  A hydra zombie (Lair:5)
  A polar bear (Lair:2)
  A great orb of eyes zombie (Slime:5)
  2 tyrant leeches (Lair:5)
  2 demonic crawler zombies
  A troll (D:13)
  A hornet (Lair:5)
  A moth of wrath zombie (Spider:1)
  4 jumping spider zombies
  10 culicivora zombies
  5 dream sheep (Lair:5)
  A radroach zombie (Spider:4)
  6 tarantella zombies
  8 tarantellas
  A blink frog (Lair:4)
  A meliai zombie (Spider:4)
  19 slime creatures
  A jumping spider (Spider:2)
  5 culicivoras
  2 basilisks
  A tyrant leech zombie (Lair:5)
  5 redbacks
  31 slime creature zombies
  6 merfolk zombies
  4 two-headed ogre zombies (Orc:2)
  An acid dragon (D:13)
  3 cane toad zombies
  3 entropy weaver zombies
  A water moccasin (Lair:4)
  7 orc warriors
  A manticore zombie (Shoals:3)
  A snapping turtle zombie (Shoals:3)
  4 blink frog zombies
  A boggart (Lair:2)
  8 dream sheep zombies (Lair:5)
  A laughing skull (D:15)
  2 hog zombies (D:15)
  15 ogres (Orc:2)
  5 wolves (Lair:4)
  7 centaurs
  3 torpor snail zombies
  A brain worm (shapeshifter) (D:15)
  2 cyclops zombies
  11 jellies
  2 water moccasin zombies
  A polar bear zombie (Lair:3)
  A demonspawn zombie (Lair:1)
  A troll zombie (D:11)
  A wolf zombie (Lair:2)
  2 centaur zombies (D:12)
  A basilisk zombie (D:15)
  A kobold zombie (D:12)
  2 orc priests (Orc:2)
  A boggart zombie (Lair:2)
  2 orc wizards (Orc:2)
  3 hell rats (Lair:4)
  20 ogre zombies
  A howler monkey zombie (D:11)
  25 orc zombies
  4 orcs
  A river rat zombie (D:5)
  61 blazeheart cores
538 creatures vanquished.

Grand Total: 1575 creatures vanquished

Notes
Turn   | Place    | Note
-------+----------+-------------------------------------------
     0 | D:1      | croobank the Felid Summoner began the quest for the Orb.
     0 | D:1      | Reached XP level 1. HP: 9/9 MP: 4/4
   411 | D:1      | Reached XP level 2. HP: 13/13 MP: 4/6
   414 | D:1      | Learned a level 2 spell: Call Imp
  1054 | D:2      | Reached XP level 3. HP: 16/16 MP: 2/7
  1156 | D:2      | Learned a level 3 spell: Call Canine Familiar
  1542 | D:2      | Reached XP level 4. HP: 21/21 MP: 4/8
  1542 | D:2      | Gained a life (2 lives remaining)
  1816 | D:3      | Found a sparkling altar of Nemelex Xobeh.
  1912 | D:3      | Found an ancient bone altar of Kikubaaqudgha.
  1952 | D:3      | Found Zyfau's Armour Shoppe.
  1971 | D:3      | Reached XP level 5. HP: 24/24 MP: 4/10
  1977 | D:3      | Learned a level 4 spell: Summon Blazeheart Golem
  2001 | D:3      | Found a stormy altar of Qazlal.
  2035 | D:3      | Found Eleto's Assorted Antiques.
  2307 | D:3      | Bought a scroll labelled ATASHR DOUJYRR for 26 gold pieces
  2307 | D:3      | Bought a scroll labelled XUSTRU ADWUDA for 26 gold pieces
  2307 | D:3      | Bought a scroll labelled LUESURGHYAH for 26 gold pieces
  2307 | D:3      | Bought a scroll labelled DIERUWK ACOSSE for 26 gold pieces
  2611 | D:3      | Found Ikhuc's Weapon Emporium.
  2654 | D:3      | Found a snail-covered altar of Cheibriados.
  2664 | D:3      | Reached skill level 1 in Fighting
  2681 | D:3      | Found Yqizuom's Book Boutique.
  2723 | D:3      | Became a worshipper of Kikubaaqudgha
  2772 | D:3      | Found Aqesauc's Assorted Antiques.
  2792 | D:3      | Bought a scroll labelled QOTAFELI EHUHU for 27 gold pieces
  2804 | D:3      | Found a faded altar of an unknown god.
  3245 | D:4      | Gained mutation: You are covered in thick fur. (AC +2)
                  | [Felid growth]
  3245 | D:4      | Reached XP level 6. HP: 30/30 MP: 9/11
  3333 | D:4      | Reached skill level 1 in Fire Magic
  3461 | D:4      | Found a radiant altar of Vehumet.
  3461 | D:4      | Found an opulent altar of Gozag.
  3664 | D:4      | Noticed Blork the orc
  3685 | D:4      | Killed Blork the orc
  3686 | D:4      | Reached skill level 5 in Stealth
  3686 | D:4      | Reached skill level 5 in Summonings
  3820 | D:4      | Found a staircase to the Ecumenical Temple.
  4056 | D:5      | Entered Level 5 of the Dungeon
  4113 | D:5      | Reached skill level 5 in Dodging
  4165 | D:5      | Found a hazy altar of Hepliaklqana.
  4289 | D:5      | Found a sacrificial altar of Ru.
  4322 | D:5      | Found a runed translucent door.
  4349 | D:5      | Reached * piety under Kikubaaqudgha
  4349 | D:5      | Received a gift from Kikubaaqudgha
  4412 | D:5      | Reached XP level 7. HP: 35/35 MP: 9/13
  4444 | D:5      | Noticed Ijyb
  4478 | D:5      | Found a runed translucent door.
  4490 | D:5      | Killed Ijyb
  4566 | D:5      | Noticed Phlounder's ghost (novice DjIE)
  4606 | D:5      | Noticed a nameless horror
  4614 | D:5      | Reached skill level 1 in Necromancy
  4621 | D:5      | Killed a nameless horror
  5076 | D:6      | Noticed a nameless horror
  5092 | D:6      | Killed a nameless horror
  5300 | D:6      | Found an ornate altar of the Wu Jian Council.
  5439 | D:6      | Reached XP level 8. HP: 36/42 MP: 13/15
  5552 | D:6      | Noticed Maggie
  5688 | D:6      | Found a shimmering altar of Xom.
  6249 | D:7      | Reached skill level 2 in Necromancy
  6310 | D:7      | Found a transporter.
  6316 | D:7      | Learned a level 4 spell: Summon Lightning Spire
  6332 | D:7      | Noticed Azoth's ghost (novice DrFi)
  6336 | D:7      | Noticed an unseen horror
  6345 | D:7      | Found a transporter.
  6684 | D:7      | Noticed Dowan
  6714 | D:7      | Reached skill level 1 in Air Magic
  6827 | D:7      | Found a basalt altar of Yredelemnul.
  6830 | D:7      | Noticed a boulder beetle
  6984 | D:7      | Found a runed translucent door.
  6985 | D:7      | Noticed Crazy Yiuf
  7096 | D:7      | Noticed an oklob plant
  7153 | D:7      | Noticed Duvessa
  7176 | D:7      | Killed Dowan
  7178 | D:7      | Killed Duvessa
  7290 | D:7      | Killed a boulder beetle
  7291 | D:7      | Reached skill level 5 in Fighting
  7291 | D:7      | Reached skill level 3 in Necromancy
  7291 | D:7      | Reached XP level 9. HP: 47/47 MP: 10/17
  7391 | D:8      | Noticed Joseph
  7573 | D:8      | Reached ** piety under Kikubaaqudgha
  7667 | D:8      | Noticed a two-headed ogre
  7678 | D:8      | Killed a two-headed ogre
  7710 | D:8      | Reached skill level 5 in Spellcasting
  8274 | D:8      | Noticed a centaur warrior
  8276 | D:8      | Noticed a freezing wraith
  8297 | D:8      | Killed a freezing wraith
  8298 | D:8      | Reached XP level 10. HP: 50/53 MP: 12/18
  8370 | D:8      | Killed a centaur warrior
  8371 | D:8      | Reached skill level 4 in Necromancy
  8612 | D:8      | Noticed Jeremiah
  8614 | D:8      | Killed Jeremiah
  8707 | D:8      | Reached *** piety under Kikubaaqudgha
  8707 | D:8      | Received a gift from Kikubaaqudgha
  8713 | D:8      | Learned a level 4 spell: Animate Dead
  9332 | D:6      | Killed Maggie
  9333 | D:6      | Reached skill level 5 in Air Magic
  9844 | D:9      | Found an iron altar of Okawaru.
 10406 | D:9      | Found a staircase to the Lair.
 10500 | D:10     | Entered Level 10 of the Dungeon
 10734 | D:10     | Identified a scroll of acquirement
 10878 | D:10     | Reached XP level 11. HP: 58/58 MP: 13/20
 10970 | D:10     | Noticed a two-headed ogre
 10980 | D:10     | Killed a two-headed ogre
 11264 | D:10     | Found Zin's Purification Station.
 11267 | D:10     | Found a glowing silver altar of Zin.
 11270 | D:10     | Bought a potion of curing for 90 gold pieces
 11352 | D:10     | Found a portal to a secret trove of treasure.
 11878 | D:5      | Killed Phlounder's ghost
 12340 | D:11     | Found a runed translucent gate.
 12340 | D:11     | Found a runed translucent gate.
 12340 | D:11     | Found a runed translucent gate.
 12341 | D:11     | Noticed osoart's ghost (journeyman MiGl)
 12431 | D:11     | Reached skill level 5 in Necromancy
 13066 | D:11     | Found a staircase to the Orcish Mines.
 13082 | D:11     | Noticed a skeletal warrior
 13082 | D:11     | Noticed a skeletal warrior
 13086 | D:11     | Noticed a skeletal warrior
 13086 | D:11     | Noticed a skeletal warrior
 13276 | Lair:1   | Entered Level 1 of the Lair of Beasts
 13276 | Lair:1   | Noticed Amaemon
 13286 | Lair:1   | Reached **** piety under Kikubaaqudgha
 13287 | Lair:1   | Reached skill level 5 in Fire Magic
 13287 | Lair:1   | Killed Amaemon
 13315 | Lair:1   | Noticed a death yak
 13325 | Lair:1   | Killed a death yak
 13471 | Lair:1   | Your ally Amaemon died
 13579 | Lair:1   | Noticed Nergalle
 14256 | Lair:2   | Reached skill level 10 in Stealth
 14314 | Lair:2   | Learned a level 4 spell: Anguish
 14438 | Lair:2   | Gained mutation: Your thick and shaggy fur keeps you warm.
                  | (AC +3, rC+) [Felid growth]
 14438 | Lair:2   | Reached XP level 12. HP: 65/65 MP: 20/22
 14633 | Lair:2   | Noticed a seven-headed hydra
 14642 | Lair:2   | Killed a seven-headed hydra
 14688 | Lair:2   | Found a dark tunnel.
 14712 | Volcano  | Entered a volcano
 14713 | Volcano  | Noticed a two-headed ogre
 14716 | Volcano  | Noticed a two-headed ogre
 14875 | Lair:2   | Noticed a seven-headed hydra
 14886 | Lair:2   | Found a staircase to the Shoals.
 14896 | Lair:2   | Reached skill level 6 in Necromancy
 15658 | Lair:3   | Found a hole to the Spider Nest.
 15805 | Lair:3   | Reached skill level 10 in Dodging
 15973 | Lair:3   | Noticed a catoblepas
 15989 | Lair:3   | Killed a catoblepas
 15995 | Lair:3   | Learned a level 2 spell: Blink
 16063 | Lair:3   | Identified the +5 chain mail "Qugaoloism" {+Blink rCorr
                  | Int-2}
 16281 | Lair:3   | Reached skill level 1 in Hexes
 16281 | Lair:3   | Reached skill level 1 in Translocations
 17013 | D:3      | Bought a scroll of amnesia for 108 gold pieces
 17407 | Lair:4   | Reached skill level 10 in Fighting
 17792 | Lair:4   | Reached skill level 5 in Hexes
 17960 | Lair:4   | Reached skill level 7 in Necromancy
 17962 | Lair:4   | Reached XP level 13. HP: 62/71 MP: 19/25
 17976 | Lair:4   | Reached ***** piety under Kikubaaqudgha
 18194 | Lair:4   | Found a staircase to the Slime Pits.
 18194 | Lair:4   | Found a viscous altar of Jiyva.
 18718 | Lair:5   | Entered Level 5 of the Lair of Beasts
 18733 | Lair:5   | Noticed Sonja
 18753 | Lair:5   | Killed Sonja
 18952 | Lair:5   | Acquired the amulet of the Empty Page {Acrobat rPois rF+
                  | rN+ Str-3 SInv}
 18956 | Lair:5   | Acquired the ring of Viedyawk {rElec Will+ rCorr Str-4
                  | Dex+3}
 20166 | Lair:5   | Reached skill level 8 in Necromancy
 20196 | Lair:5   | Identified the +1 robe of Nusiujem {*Corrode +Inv rPois
                  | Archmagi}
 20500 | Lair:5   | Noticed a fire dragon
 20536 | Lair:5   | Killed a fire dragon
 21285 | Lair:5   | Noticed a fire dragon
 21293 | Lair:5   | Killed a fire dragon
 21370 | Lair:5   | Reached skill level 10 in Summonings
 22386 | D:12     | Reached XP level 14. HP: 80/80 MP: 24/28
 22393 | D:12     | Learned a level 6 spell: Death Channel
 22438 | D:12     | Reached skill level 9 in Necromancy
 23701 | D:13     | HP: 1/80 [red ugly thing (16)]
 23705 | D:13     | Mangled by a red ugly thing
 23705 | D:13     | Lost a life (1 life remaining)
 23705 | D:13     | Noticed an ironbound preserver
 23810 | Orc:1    | Entered Level 1 of the Orcish Mines
 23902 | Orc:1    | Reached skill level 10 in Necromancy
 23957 | Orc:1    | Reached skill level 10 in Spellcasting
 24275 | Orc:2    | Entered Level 2 of the Orcish Mines
 24275 | Orc:2    | Found a staircase to the Elven Halls.
 24300 | Orc:2    | Noticed Nessos
 24303 | Orc:2    | Killed Nessos
 24309 | Orc:2    | Found a bloodstained altar of Trog.
 24449 | Orc:2    | Noticed Jorgrun
 24463 | Orc:2    | Killed Jorgrun
 24575 | Orc:2    | Reached skill level 11 in Necromancy
 24589 | Orc:2    | Reached ****** piety under Kikubaaqudgha
 24604 | Orc:2    | Found Lalo's Armour Emporium.
 24604 | Orc:2    | Found Nucuman's Weapon Shop.
 24606 | Orc:2    | Found Xuoruat's Distillery.
 24606 | Orc:2    | Found Goggak Ophal's General Store.
 24619 | Orc:2    | Bought a potion of might for 68 gold pieces
 24619 | Orc:2    | Bought a scroll of revelation for 127 gold pieces
 24619 | Orc:2    | Bought a potion of heal wounds for 85 gold pieces
 24619 | Orc:2    | Bought a scroll of fog for 68 gold pieces
 24691 | Orc:2    | Bought a potion of attraction for 45 gold pieces
 24724 | Orc:2    | Found a gate leading to a gauntlet.
 24726 | Orc:2    | Noticed Maurice
 24731 | Orc:2    | Killed Maurice
 25510 | D:13     | Reached skill level 12 in Necromancy
 25594 | D:13     | Reached XP level 15. HP: 27/84 MP: 16/31
 25594 | D:13     | Gained a life (2 lives remaining)
 25822 | D:13     | Reached skill level 1 in Shapeshifting
 25888 | D:13     | Found a gate to the Vaults.
 27653 | D:15     | Entered Level 15 of the Dungeon
 27904 | D:15     | Reached skill level 13 in Necromancy
 29000 | D:15     | Noticed Kirke
 29009 | D:15     | Killed Kirke
 29122 | D:15     | Reached skill level 14 in Necromancy
 29228 | D:15     | Your ally Kirke died
 29250 | D:15     | Received a gift from Kikubaaqudgha (forbidden knowledge)
 29368 | D:15     | Found a staircase to the Depths.
 29978 | Slime:1  | Entered Level 1 of the Pits of Slime
 29978 | Slime:1  | Noticed an acid blob
 29989 | Slime:1  | Killed an acid blob
 30052 | Slime:1  | Noticed an azure jelly
 30057 | Slime:1  | Killed an azure jelly
 30095 | Slime:1  | Noticed an acid blob
 30102 | Slime:1  | Killed an acid blob
 30158 | Slime:1  | Learned a level 7 spell: Haunt
 30414 | Slime:2  | Noticed an azure jelly
 30417 | Slime:2  | Noticed an acid blob
 30417 | Slime:2  | Noticed an azure jelly
 30420 | Slime:2  | HP: 2/84 [quicksilver ooze (4)]
 30423 | Slime:2  | Killed an azure jelly
 30877 | Slime:3  | Noticed an acid blob
 30886 | Slime:3  | Killed an acid blob
 30887 | Slime:3  | Reached skill level 15 in Necromancy
 30887 | Slime:3  | Noticed an azure jelly
 30893 | Slime:3  | Killed an azure jelly
 30902 | Slime:3  | Noticed an acid blob
 30902 | Slime:3  | Noticed an acid blob
 30903 | Slime:3  | Noticed a rockslime
 30906 | Slime:3  | Killed an acid blob
 30907 | Slime:3  | Killed an acid blob
 30908 | Slime:3  | Reached XP level 16. HP: 86/88 MP: 28/33
 31087 | Slime:2  | Noticed an acid blob
 31087 | Slime:2  | Noticed an acid blob
 31810 | Slime:2  | Noticed an acid blob
 31821 | Slime:2  | Killed an acid blob
 31908 | Slime:4  | Noticed an acid blob
 31921 | Slime:4  | Killed an acid blob
 31965 | Slime:4  | Noticed an acid blob
 32150 | Slime:4  | Noticed an acid blob
 32423 | Slime:5  | Entered Level 5 of the Pits of Slime
 32429 | Slime:5  | Reached skill level 16 in Necromancy
 32447 | Slime:5  | Noticed an acid blob
 32448 | Slime:5  | Noticed an acid blob
 32457 | Slime:5  | Killed an acid blob
 32466 | Slime:5  | Noticed an acid blob
 32472 | Slime:5  | Noticed an acid blob
 32472 | Slime:5  | Killed an acid blob
 32488 | Slime:5  | Noticed an acid blob
 32491 | Slime:5  | Killed an acid blob
 32505 | Slime:5  | Noticed an acid blob
 32519 | Slime:5  | Killed an acid blob
 32533 | Slime:5  | Reached XP level 17. HP: 64/93 MP: 36/36
 32546 | Slime:5  | Noticed an acid blob
 32561 | Slime:5  | Killed from afar by an eye of devastation
 32561 | Slime:5  | Lost a life (1 life remaining)
 32567 | Slime:5  | Noticed an acid blob
 32574 | Slime:5  | Reached skill level 17 in Necromancy
 32576 | Slime:5  | Killed an acid blob
 32579 | Slime:5  | Noticed an acid blob
 32595 | Slime:5  | Noticed an acid blob
 32595 | Slime:5  | Noticed an acid blob
 32599 | Slime:5  | Killed an acid blob
 32728 | Slime:5  | Noticed the Royal Jelly
 32863 | Spider:1 | Entered Level 1 of the Spider Nest
 33080 | Spider:1 | Reached skill level 18 in Necromancy
 33328 | Spider:1 | Learned a level 8 spell: Infestation
 33343 | Spider:1 | Noticed Frances
 33363 | Spider:1 | Killed Frances
 34040 | Spider:1 | Reached skill level 19 in Necromancy
 34313 | Spider:2 | You fall into a shaft and drop 1 floor!
 35036 | Spider:4 | Entered Level 4 of the Spider Nest
 35056 | Spider:4 | Reached skill level 20 in Necromancy
 35165 | Spider:4 | Reached XP level 18. HP: 73/98 MP: 0/37
 35165 | Spider:4 | Gained a life (2 lives remaining)
 35550 | Spider:4 | Mangled by a spark wasp
 35550 | Spider:4 | Lost a life (1 life remaining)
 35575 | Spider:4 | Reached skill level 21 in Necromancy
 35617 | Spider:4 | HP: 3/98 [spark wasp (4)]
 35623 | Spider:4 | Killed from afar by a meliai
 35623 | Spider:4 | Lost a life (0 lives remaining)
 35783 | Spider:4 | Identified the +0 pair of gloves of Sharp Leaves {rF++ rC-
                  | Int+8 Dex-4}
 35785 | Spider:4 | Got a gossamer rune of Zot
 35977 | Spider:4 | Upgraded the game from 0.31-a0-1612-g4aaf141004 to
                  | 0.31-a0-1616-gbeaec30b81
 36109 | Lair:4   | Fell from the grace of Kikubaaqudgha
 36109 | Lair:4   | Became a worshipper of Jiyva Joinkelo the Shapeless
 36193 | Shoals:1 | Entered Level 1 of the Shoals
 36795 | Shoals:1 | Found Byrphe Neump's Self-Improvement Boutique.
 36839 | Shoals:1 | Reached skill level 22 in Necromancy
 36995 | Shoals:1 | Reached * piety under Jiyva
 37364 | Shoals:1 | Found a flickering gateway to a bazaar.
 37369 | Bazaar   | Entered a bazaar
 37384 | Bazaar   | Found Futowkuf's Jewellery Emporium.
 37384 | Bazaar   | Found Naesm's Assorted Antiques.
 37404 | Bazaar   | Bought a potion of curing for 87 gold pieces
 37422 | Bazaar   | Found Seixt's Assorted Antiques.
 37422 | Bazaar   | Found Obroghet's Distillery.
 37429 | Bazaar   | Bought a potion of curing for 63 gold pieces
 37429 | Bazaar   | Bought a bronze wand for 84 gold pieces
 37429 | Bazaar   | Bought a potion of curing for 63 gold pieces
 37429 | Bazaar   | Bought a potion of might for 84 gold pieces
 37441 | Bazaar   | Bought a potion of enlightenment for 50 gold pieces
 37441 | Bazaar   | Bought a potion of curing for 30 gold pieces
 37441 | Bazaar   | Bought a potion of heal wounds for 50 gold pieces
 37441 | Bazaar   | Bought 2 potions of berserk rage for 100 gold pieces
 37441 | Bazaar   | Bought a potion of curing for 30 gold pieces
 37441 | Bazaar   | Bought a potion of attraction for 30 gold pieces
 37463 | Bazaar   | Bought a +6 ring of strength for 540 gold pieces
 37465 | Bazaar   | Bought a ring of willpower for 375 gold pieces
 37727 | D:3      | Bought a potion of magic for 216 gold pieces
 38000 | Shoals:2 | Found a runed translucent door.
 38001 | Shoals:2 | Noticed Mungiw's ghost (adept MiBe)
 38027 | Shoals:2 | Killed Mungiw's ghost
 38357 | Shoals:2 | Identified the +10 quarterstaff of the Bashing Gods {venom,
                  | rPois rC+ Dex-3 Stlth+}
 38465 | Shoals:2 | Reached ** piety under Jiyva
 38894 | Shoals:3 | Reached skill level 23 in Necromancy
 38957 | Shoals:3 | Noticed Ilsuiw
 38972 | Shoals:3 | Killed Ilsuiw
 39146 | Shoals:3 | Reached XP level 19. HP: 80/80 MP: 31/38
 39146 | Shoals:3 | Gained a life (1 life remaining)
 39323 | Shoals:3 | Reached *** piety under Jiyva
 39491 | Shoals:4 | Entered Level 4 of the Shoals
 39491 | Shoals:4 | Gained mutation: You are agile. (Dex +4, Str/Int -1)
                  | [Jiyva's grace]
 39491 | Shoals:4 | Gained mutation: You are very agile. (Dex +8, Str/Int -2)
                  | [Jiyva's grace]
 39491 | Shoals:4 | Gained mutation: You have a pair of small horns on your
                  | head. [Jiyva's grace]
 39491 | Shoals:4 | Gained mutation: You have a pair of horns on your head.
                  | [Jiyva's grace]
 39570 | Shoals:4 | Hit by a javelin thrown by something
 39570 | Shoals:4 | Lost a life (0 lives remaining)
 39911 | Vaults:1 | Entered Level 1 of the Vaults
 40037 | Vaults:1 | Noticed Boris
 40046 | Vaults:1 | Killed Boris
 40168 | Vaults:1 | Reached skill level 15 in Spellcasting
 40174 | Vaults:1 | HP: 1/102 [yaktaur/bolt[a vault warden] (16)]
 40178 | Vaults:1 | Shot with a bolt by a yaktaur

Illustrated notes

Levels and vault maps discovered:
D:1:      mrwooster_arrival_arrow, layout_rooms, dk_noncrumbling_4
D:2:      layout_rooms
D:3:      layout_basic, lemuel_crystal_altar, kiku_gazebo_pond_becter,
          mainiacjoe_overflow_boulevard, cheibriados_altar_1,
          chequers_ecumenical_altar_simple_redux, serial_shops,
          nicolae_shop_hallway_stairs, shop, shop, shop, shop_coins,
          nrook_mini_backslash
D:4:      layout_loops_ring, nicolae_overflow_two_pavilions,
          minmay_temple_entry_from_below_b, portal_sewer_entry_e,
          hangedman_decor_lopped, uniq_blork_the_orc
D:5:      layout_cave_pods, mainiacjoe_overflow_cross_hatched,
          mainiacjoe_overflow_surrounded_room, ebering_ghost_sewer_f, uniq_ijyb
D:6:      layout_basic, nzn_wu_jian_council_hall, tgw_xom, uniq_maggie
D:7:      layout_rooms, overflow_temple_1_default, nzn_ghost_randoct,
          minmay_misc_feat_alley, uniq_duvessa, uniq_crazy_yiuf_cottage
D:8:      layout_loops_ring, nicolae_doodle_vault, uniq_joseph, uniq_jeremiah
D:9:      layout_rooms, kennysheep_little_box, lair_entry_dummy
D:10:     layout_stronghold, zin_purify, nicolae_trove_entry_columns
D:11:     layout_basic, minmay_orc_entry_temple_small,
          gammafunk_ghost_necromancy
D:12:     layout_loops_cross, minmay_mirror_moons_of_madness
D:13:     layout_basic, skrybe_vaults_entry_preservation, minivault_25_ag
D:14:     layout_roguey, kennysheep_big_empty_room, drop_trap
D:15:     grunt_enter_depths_snipers, layout_basic, serial_bayou_shore_a,
          uniq_kirke
Lair:1:   layout_small_grid, uniq_amaemon, uniq_nergalle
Lair:2:   layout_cave_pods, nicolae_shoals_entry_roost, enter_volcano_1,
          kilobyte_rumbling_trees
Lair:3:   layout_roguey, spider_nest_entry_rubble
Lair:4:   layout_cave_pods, minmay_slime_entry_pillars,
          infiniplex_staircase_pool_2
Lair:5:   guppyfry_lair_end_dragon, layout_regular_city, wormcave, minivault_24,
          nicolae_lair_lil_pond, chequers_serial_rivers_large_a,
          lemuel_fruit_fields, uniq_sonja
Shoals:1: layout_shoals, serial_shops, bzr_entry_road, nicolae_shop_self_help
Shoals:2: layout_shoals, gammafunk_ghost_grave
Shoals:3: layout_shoals, uniq_ilsuiw
Shoals:4: shoals_end_simple, layout_shoals, ldierk_geyser
Spider:1: layout_spider_delve, hangedman_spider_tarantella_strand, uniq_frances
Spider:2: layout_spider_delve, nicolae_orb_island
Spider:3: layout_spider_delve, drop_trap
Spider:4: hellmonk_spider_rune_bug_friends, nicolae_spider_eight_legs
Slime:1:  layout_caves
Slime:2:  layout_caves
Slime:3:  layout_caves
Slime:4:  layout_caves
Slime:5:  slime_pit_nicolae_royal_road_to_ruin
Orc:1:    layout_diamond_mine, lightli_orcish_oven
Orc:2:    st_orc_ogre_mass, layout_caves, basic_altar, gauntlet_entry_generic,
          uniq_nessos, uniq_maurice, uniq_jorgrun
Vaults:1: st_smaller_cells, v_alt_pattern_2,
          nicolae_vaults_trapezoid_lopsided_4, nicolae_vaults_border_crossing,
          v_rooms_4, vaults_room_door_hall, hangedman_vaults_restitches,
          nicolae_vaults_puzzle_piece, nicolae_vaults_tetromino_Z_1,
          ontoclasm_vaults_shuriken, layout_vaults_maze_bifur, uniq_boris

Skill      XL: |  1  2  3  4  5  6  7  8  9 10 11 12 13 14 15 16 17 18 19 |
---------------+----------------------------------------------------------+-----
Stealth        | 3 4 5 6 7 8 9 10 11 | 11.0
Dodging        | 3 4 5 6 7 8 9 10 | 10.1
Spellcasting   | 3 4 5 6 7 9 11 12 14 15 | 15.0
Fighting       | 1 2 3 5 6 7 8 10 12 | 12.3
Fire Magic     | 1 2 3 4 5 |  5.0
Summonings     | 5 6 7 8 10 12 | 12.0
Necromancy     | 1 3 4 5 7 8 12 15 16 20 23 | 23.5
Air Magic      | 2 4 5 7 |  7.0
Hexes          | 5 |  5.0
Translocations | 3 |  3.0
Shapeshifting  | 2 |  2.3

Action                     |  1- 3 |  4- 6 |  7- 9 | 10-12 | 13-15 | 16-18 | 19-21 || total
---------------------------+-------+-------+-------+-------+-------+-------+-------++-------
  Melee: Unarmed           |    12 |    23 |    31 |    52 |   159 |    76 |     3 ||   356
         Bite              |     2 |     3 |     5 |     8 |    29 |     6 |     1 ||    54
         Punch             |       |       |     1 |       |     4 |     1 |       ||     6
         Headbutt          |       |       |       |       |       |       |     2 ||     2
   Cast: Summon Small Mamm |    37 |    35 |    19 |    24 |    20 |     2 |       ||   137
         Call Imp          |    16 |    22 |    16 |    23 |    11 |       |       ||    88
         Call Canine Famil |     4 |    18 |    18 |    34 |    31 |     8 |     3 ||   116
         Summon Blazeheart |       |     4 |    24 |    53 |    65 |    14 |     7 ||   167
         Summon Lightning  |       |       |     5 |    62 |   109 |    34 |    16 ||   226
         Animate Dead      |       |       |       |    20 |    32 |    21 |     2 ||    75
         Anguish           |       |       |       |    40 |   143 |    88 |    20 ||   291
         Blink             |       |       |       |       |     2 |     5 |       ||     7
         Death Channel     |       |       |       |       |    37 |    49 |     4 ||    90
         Haunt             |       |       |       |       |       |    41 |     7 ||    48
         Infestation       |       |       |       |       |       |    59 |    10 ||    69
 Invoke: Unearth Wretches  |       |       |       |       |     6 |    43 |       ||    49
         Receive Forbidden |       |       |       |       |     1 |       |       ||     1
  Evoke: Wand              |       |       |       |     2 |    10 |     6 |       ||    18
    Use: Scroll            |       |    12 |     3 |     9 |    10 |    11 |     1 ||    46
         Potion            |       |       |     1 |     3 |     4 |    15 |     2 ||    25
   Stab: Sleeping          |     3 |     5 |     4 |     3 |     4 |       |       ||    19
         Distracted        |       |       |       |     3 |     2 |     1 |       ||     6
         Paralysed         |       |       |       |       |    10 |    52 |       ||    62
 Armour: Skin              |     4 |     2 |    26 |    64 |   161 |   110 |    27 ||   394
  Dodge: Dodged            |    11 |    30 |   106 |   212 |   442 |   197 |    39 ||  1037
   Form: Beast             |     1 |       |       |       |       |       |       ||     1

Table legend: (Time is in decaauts)
 A = Elapsed time spent in this place.
 B = Non-inter-level travel time spent in this place.
 C = Inter-level travel time spent in this place.
 D = Time resting spent in this place.
 E = Time spent auto-exploring this place.
 F = Levels seen in this place.
 G = Mean time per level.
                   A        B        C        D        E       F      G
               +--------+--------+--------+--------+--------+-----+--------+
         Total |  40746 |  36867 |   3879 |   5889 |  19682 |  38 | 1072.3 |
       Dungeon |  20495 |  18126 |   2369 |   3217 |  10709 |  15 | 1366.3 |
          Lair |   8950 |   8166 |    784 |   1519 |   4750 |   5 | 1790.0 |
        Shoals |   3277 |   2989 |    288 |    466 |    817 |   4 |  819.2 |
   Spider Nest |   3242 |   3133 |    109 |    392 |   1038 |   4 |  810.5 |
    Slime Pits |   2822 |   2640 |    182 |    265 |   1479 |   5 |  564.4 |
  Orcish Mines |   1559 |   1414 |    145 |     30 |    889 |   2 |  779.5 |
        Vaults |    263 |    263 |      0 |      0 |      0 |   1 |  263.0 |
        Bazaar |    123 |    123 |      0 |      0 |      0 |   1 |  123.0 |
       Volcano |     10 |     10 |      0 |      0 |      0 |   1 |   10.0 |
               +--------+--------+--------+--------+--------+-----+--------+

Top non-repeatable levels by time:
  Lair:5: 3083 daAuts
     D:8: 2101 daAuts
    D:15: 1788 daAuts
    D:13: 1711 daAuts
  Lair:2: 1692 daAuts
  Lair:4: 1681 daAuts
     D:6: 1647 daAuts
     D:3: 1596 daAuts
     D:7: 1503 daAuts
    D:10: 1401 daAuts
  Lair:3: 1381 daAuts
Shoals:1: 1346 daAuts
Spider:1: 1318 daAuts
    D:12: 1318 daAuts
    D:14: 1283 daAuts
